Cogmind - Beta 11.1 @@@ ROGUE MODE // 2022.05.14 @ 19:55:14 Player: laserbat Result: Self-destructed Performance ------------- Evolutions (7) 3500 Regions Visited (11) 2200 Robots Destroyed (0) 0 Value Destroyed (0) 0 Prototype IDs (1) 20 Alien Tech Used (0) 0 Bonus (4585) 4585 TOTAL SCORE: 10305 Bonus ------- Pacifist 4085 Entered DSFs 500 Cogmind --------- Core Integrity 299/1300 Matter 264/300 Energy 99/100 System Corruption 0% Temperature Cool (0) Movement Core (50) Location -3/Research Parts ------- > --- POWER (1) -------- (None) > --- PROPULSION (6) --- (None) > --- UTILITY (12) ----- (None) > --- WEAPON (2) ------- (None) > --- INVENTORY (5) ---- Antimatter Reactor Advanced Hacking Suite Improved Datajack Peak State ------------ > --- POWER ------------ Micro Fission Core > --- PROPULSION ------- Xenon Bombardment Thruster Xenon Bombardment Thruster Xenon Bombardment Thruster Xenon Bombardment Thruster Nuclear Pulse Array > --- UTILITY ---------- System Shield > --- WEAPON ----------- (None) > --- INVENTORY -------- Improved Datajack [Rating: 37] Favorites ----------- Power Micro Fission Core Power Core Micro Fission Core Propulsion Armored Treads Treads Armored Treads Flight Unit Xenon Bombardment Thruster Utility System Shield Processor Targeting Computer Hackware System Shield Weapon Improved Datajack Special Melee Weapon Improved Datajack Build | -11 -10 -9 -9 -8 -7 -6 -6 -5 -4 -4 -3 ------- Run | Scr Mat Mat Min Mat Fac Fac DSF Fac Fac Arm Res Slots Evolved 14 | . . 2 . 2 2 2 . 2 2 . 2 Power . | . . . . . . . . . . . . Propulsion 4 | . . 2 . . . 2 . . . . . Utility 10 | . . . . 2 2 . . 2 2 . 2 Weapon . | . . . . . . . . . . . . Parts Attached 18 | . . 4 . . 1 . . 5 4 1 3 Power 1 | . . . . . . . . . 1 . . Engine . | . . . . . . . . . . . . Core 1 | . . . . . . . . . 1 . . Reactor . | . . . . . . . . . . . . Propulsion 13 | . . 4 . . . . . 4 3 1 1 Treads 4 | . . 4 . . . . . . . . . Leg . | . . . . . . . . . . . . Wheel . | . . . . . . . . . . . . Hover . | . . . . . . . . . . . . Flight 9 | . . . . . . . . 4 3 1 1 Utility 3 | . . . . . 1 . . 1 . . 1 Device . | . . . . . . . . . . . . Storage . | . . . . . . . . . . . . Processor 2 | . . . . . 1 . . . . . 1 Hackware 1 | . . . . . . . . 1 . . . Protection . | . . . . . . . . . . . . Artifact . | . . . . . . . . . . . . Weapon 1 | . . . . . . . . . . . 1 Energy Gun . | . . . . . . . . . . . . Energy Cannon . | . . . . . . . . . . . . Ballistic Gun . | . . . . . . . . . . . . Ballistic Cannon . | . . . . . . . . . . . . Launcher . | . . . . . . . . . . . . Special Weapon . | . . . . . . . . . . . . Impact Weapon . | . . . . . . . . . . . . Slashing Weapon . | . . . . . . . . . . . . Piercing Weapon . | . . . . . . . . . . . . Special Melee Weapon 1 | . . . . . . . . . . . 1 Unidentified Prototypes 1 | . . . . . . . . . . . 1 Parts Lost 14 | . . . . . . . 4 . . 8 2 Power 1 | . . . . . . . . . . 1 . Propulsion 10 | . . . . . . . 3 . . 6 1 Utility 3 | . . . . . . . 1 . . 1 1 Weapon . | . . . . . . . . . . . . Highest Loss Streak 8 | . . . . . . . 4 . . 8 2 To Critical Strikes . | . . . . . . . . . . . . Average Slot Usage (%) 19 | . . 28 44 36 32 33 20 12 25 22 2 Treads 10 | . . 28 44 36 30 26 14 . . . . Flight 5 | . . . . . . . . 11 18 15 . Processor 1 | . . . . . 1 6 5 . . . 1 Hackware 1 | . . . . . . . . 1 5 3 . Naked Turns 164 | . 30 14 . . . . 7 . . 6 107 Heaviest Build 5 | . . . . . . . . . 5 5 1 Greatest Support 37 | 3 3 3 3 3 3 3 3 25 37 37 16 Greatest Overweight (x) . | . . . . . . . . . . . . Average Overweight (x) . | . . . . . . . . . . . . Largest Inventory Capacity 5 | 5 5 5 5 5 5 5 5 5 5 5 5 Average Capacity 5 | 5 5 5 5 5 5 5 5 5 5 5 5 Most Carried 5 | 4 . 1 1 1 1 1 5 5 5 1 3 Average Carried 1 | 2 . . 1 1 1 1 2 4 3 1 1 Final Capacity 5 | 5 5 5 5 5 5 5 5 5 5 5 5 Final Carried 5 | . . 1 1 1 1 1 5 5 1 1 3 Class Distribution -------------------- 85% | Mutant 14% | Sprinter Dominant Class ---------------- Mutant | -10/Materials Mutant | -9/Materials Mutant | -9/Mines Mutant | -8/Materials Mutant | -7/Factory Mutant | -6/Factory Mutant | -6/DSF Mutant | -5/Factory Sprinter | -4/Factory Sprinter | -4/Armory Mutant | -3/Research Resources | -11 -10 -9 -9 -8 -7 -6 -6 -5 -4 -4 -3 ----------- Run | Scr Mat Mat Min Mat Fac Fac DSF Fac Fac Arm Res Matter Collected 278 | 200 . . . 34 . . . . . 18 26 Remotely . | . . . . . . . . . . . . Salvage Created . | . . . . . . . . . . . . Parts . | . . . . . . . . . . . . Haulers Intercepted . | . . . . . . . . . . . . Recyclers Shooed . | . . . . . . . . . . . . Parts Field Recycled . | . . . . . . . . . . . . Retrieved Matter . | . . . . . . . . . . . . Parts Self-Destructed . | . . . . . . . . . . . . Prevented . | . . . . . . . . . . . . Kills | -11 -10 -9 -9 -8 -7 -6 -6 -5 -4 -4 -3 ------- Run | Scr Mat Mat Min Mat Fac Fac DSF Fac Fac Arm Res Combat Hostiles Destroyed . | . . . . . . . . . . . . Classes Destroyed . | . . . . . . . . . . . . Best Kill Streak . | . . . . . . . . . . . . Combat Bots Only . | . . . . . . . . . . . . Max Kills in Single Turn . | . . . . . . . . . . . . Gunslinging . | . . . . . . . . . . . . Exploded . | . . . . . . . . . . . . Melee . | . . . . . . . . . . . . Uniques/NPCs Destroyed . | . . . . . . . . . . . . Combat | -11 -10 -9 -9 -8 -7 -6 -6 -5 -4 -4 -3 -------- Run | Scr Mat Mat Min Mat Fac Fac DSF Fac Fac Arm Res Damage Taken 4031 | . 112 158 . 289 138 3 937 26 137 1110 1121 Core 2341 | . 112 7 . 23 49 . 321 26 52 750 1001 Absorbed by Shields 228 | . . . . . . . 228 . . . . Core Remaining (%) 78 | 100 55 . 98 95 93 . 62 97 . 30 . Volleys Fired . | . . . . . . . . . . . . Largest . | . . . . . . . . . . . . Hottest . | . . . . . . . . . . . . Shots Fired . | . . . . . . . . . . . . Gun . | . . . . . . . . . . . . Cannon . | . . . . . . . . . . . . Launcher . | . . . . . . . . . . . . Special . | . . . . . . . . . . . . Kinetic . | . . . . . . . . . . . . Thermal . | . . . . . . . . . . . . Explosive . | . . . . . . . . . . . . Electromagnetic . | . . . . . . . . . . . . Robot Hit Streak . | . . . . . . . . . . . . Robot Miss Streak . | . . . . . . . . . . . . Penetration Max . | . . . . . . . . . . . . Secondary Targets . | . . . . . . . . . . . . Shots Hit Robots 1 | . . . . . . . . . . . 1 Core Hits 1 | . . . . . . 1 . . . . . Critical Kills . | . . . . . . . . . . . . Critical Parts Destroyed . | . . . . . . . . . . . . Critical Strikes . | . . . . . . . . . . . . Melee Attacks 1 | . . . . . . . . . . . 1 Impact . | . . . . . . . . . . . . Slashing . | . . . . . . . . . . . . Piercing . | . . . . . . . . . . . . Sneak Attacks 1 | . . . . . . . . . . . 1 Combat Hostiles . | . . . . . . . . . . . . Follow-up Attacks . | . . . . . . . . . . . . Damage Inflicted 21 | . . . . 14 . 7 . . . . . Guns . | . . . . . . . . . . . . Cannons . | . . . . . . . . . . . . Explosions . | . . . . . . . . . . . . Melee . | . . . . . . . . . . . . Ramming 21 | . . . . 14 . 7 . . . . . Kinetic . | . . . . . . . . . . . . Thermal . | . . . . . . . . . . . . Explosive . | . . . . . . . . . . . . Electromagnetic . | . . . . . . . . . . . . Impact . | . . . . . . . . . . . . Slashing . | . . . . . . . . . . . . Piercing . | . . . . . . . . . . . . Highest Corruption 1 | . . . . 1 . . . . . . . Average Corruption 1 | . . . . 1 . . . . . . . Corruption Purged . | . . . . . . . . . . . . Corruption Blocked . | . . . . . . . . . . . . Overload Shots . | . . . . . . . . . . . . Overflow Damage . | . . . . . . . . . . . . Projectiles . | . . . . . . . . . . . . Explosions . | . . . . . . . . . . . . Melee . | . . . . . . . . . . . . Knockbacks . | . . . . . . . . . . . . Impact . | . . . . . . . . . . . . Kinetic . | . . . . . . . . . . . . Secondary . | . . . . . . . . . . . . Self-Inflicted Damage 10 | . . . . 7 . 3 . . . . . Shots . | . . . . . . . . . . . . Rammed 3 | . . . . 2 . 1 . . . . . Targets Rammed 3 | . . . . 2 . 1 . . . . . Kicked . | . . . . . . . . . . . . Crushed . | . . . . . . . . . . . . Highest Temperature 17 | . . . . . . . . . 4 17 . Average Temperature 10 | . . . . . . . . . 4 17 . Received Heat Transfer 437 | . . 12 . 81 42 . 106 . 18 130 48 Siege Activations . | . . . . . . . . . . . . Robots Corrupted . | . . . . . . . . . . . . Combat Hostiles . | . . . . . . . . . . . . Parts Fried . | . . . . . . . . . . . . Impact Corruptions . | . . . . . . . . . . . . Robots Melted . | . . . . . . . . . . . . Combat Hostiles . | . . . . . . . . . . . . Parts Melted . | . . . . . . . . . . . . Heat Transferred . | . . . . . . . . . . . . Parts Sabotaged . | . . . . . . . . . . . . Parts Stolen . | . . . . . . . . . . . . Parts Stripped . | . . . . . . . . . . . . Power Chain Reactions . | . . . . . . . . . . . . Missiles Intercepted . | . . . . . . . . . . . . Alert | -11 -10 -9 -9 -8 -7 -6 -6 -5 -4 -4 -3 ------- Run | Scr Mat Mat Min Mat Fac Fac DSF Fac Fac Arm Res Peak Influence 295 | . . . . 76 49 38 26 18 23 174 295 Initial 85 | . . . . . 34 23 26 . 8 11 85 Average 66 | . . . . 42 37 24 17 13 8 49 177 Maximum Alert Level 1 | . . . . . . . . . . . 1 Low Security (%) 89 | 100 100 100 100 100 100 100 100 100 100 100 63 Level 1 10 | . . . . . . . . . . . 36 Level 2 . | . . . . . . . . . . . . Level 3 . | . . . . . . . . . . . . Level 4 . | . . . . . . . . . . . . Level 5 . | . . . . . . . . . . . . High Security . | . . . . . . . . . . . . Max Security . | . . . . . . . . . . . . Squads Dispatched 10 | . . 1 . 4 . . . 1 . 2 2 Investigation 5 | . . . . 4 . . . . . 1 . Extermination . | . . . . . . . . . . . . Reinforcement 5 | . . 1 . . . . . 1 . 1 2 Assault . | . . . . . . . . . . . . Garrison . | . . . . . . . . . . . . Intercept . | . . . . . . . . . . . . Searches Triggered . | . . . . . . . . . . . . Construction Impeded . | . . . . . . . . . . . . Haulers Reinforced . | . . . . . . . . . . . . Active Scanning Responses . | . . . . . . . . . . . . Cargo Convoy Interrupts . | . . . . . . . . . . . . Stealth | -11 -10 -9 -9 -8 -7 -6 -6 -5 -4 -4 -3 --------- Run | Scr Mat Mat Min Mat Fac Fac DSF Fac Fac Arm Res Distress Signals 6 | . . 2 . 1 . . . . . 2 1 Communications Jammed . | . . . . . . . . . . . . Distress Signals . | . . . . . . . . . . . . Times Spotted 101 | . 7 9 . 11 1 . 3 2 13 33 22 Peak Tracking Total 18 | . 7 12 . 11 1 . 3 6 14 18 11 Tactical Retreats 8 | . . . . 1 . . . . . 3 4 Traps | -11 -10 -9 -9 -8 -7 -6 -6 -5 -4 -4 -3 ------- Run | Scr Mat Mat Min Mat Fac Fac DSF Fac Fac Arm Res Traps Triggered 5 | . . . . . . . 5 . . . . Indirectly . | . . . . . . . . . . . . Trap Hack Attempts . | . . . . . . . . . . . . Triggered . | . . . . . . . . . . . . Disarmed . | . . . . . . . . . . . . Reprogrammed . | . . . . . . . . . . . . Reused . | . . . . . . . . . . . . Traps Extracted . | . . . . . . . . . . . . Installed . | . . . . . . . . . . . . Triggered . | . . . . . . . . . . . . Machines | -11 -10 -9 -9 -8 -7 -6 -6 -5 -4 -4 -3 ---------- Run | Scr Mat Mat Min Mat Fac Fac DSF Fac Fac Arm Res Machines Disabled . | . . . . . . . . . . . . Max in Single Turn . | . . . . . . . . . . . . Machines Sabotaged . | . . . . . . . . . . . . Garrisons Compromised 1 | . . . . . . . . 1 . . . Overloaded Fab Kills . | . . . . . . . . . . . . Hacking | -11 -10 -9 -9 -8 -7 -6 -6 -5 -4 -4 -3 --------- Run | Scr Mat Mat Min Mat Fac Fac DSF Fac Fac Arm Res Machines Accessed 10 | . . . . 4 . 1 . 1 2 2 . Terminals 10 | . . . . 4 . 1 . 1 2 2 . Fabricators . | . . . . . . . . . . . . Repair Stations . | . . . . . . . . . . . . Recycling Units . | . . . . . . . . . . . . Scanalyzers . | . . . . . . . . . . . . Garrison Access . | . . . . . . . . . . . . Total Hacks 23 | . . . . 12 . 1 . 2 3 5 . Successful 8 | . . . . 3 . 1 . 1 1 2 . Failed 15 | . . . . 9 . . . 1 2 3 . Catastrophic 3 | . . . . 2 . . . . . 1 . Database Lockouts . | . . . . . . . . . . . . Manual 14 | . . . . 8 . . . . 1 5 . Terminals 23 | . . . . 12 . 1 . 2 3 5 . Fabricators . | . . . . . . . . . . . . Repair Stations . | . . . . . . . . . . . . Recycling Units . | . . . . . . . . . . . . Scanalyzers . | . . . . . . . . . . . . Garrison Access . | . . . . . . . . . . . . Terminal Hacks 5 | . . . . 2 . 1 . 1 . 1 . Open DSF 1 | . . . . . . 1 . . . . . Level Access Points 3 | . . . . 1 . . . 1 . 1 . Branch Access Points 1 | . . . . 1 . . . . . . . Fabricator Hacks . | . . . . . . . . . . . . Repair Station Hacks . | . . . . . . . . . . . . Recycling Unit Hacks . | . . . . . . . . . . . . Scanalyzer . | . . . . . . . . . . . . Garrison Access Hacks . | . . . . . . . . . . . . Unauthorized Hacks 3 | . . . . 1 . . . . 1 1 . Terminals 3 | . . . . 1 . . . . 1 1 . Botnet 3 | . . . . 1 . . . . 1 1 . Fabricators . | . . . . . . . . . . . . Repair Stations . | . . . . . . . . . . . . Recycling Units . | . . . . . . . . . . . . Scanalyzers . | . . . . . . . . . . . . Garrison Access . | . . . . . . . . . . . . Data Cores Recovered . | . . . . . . . . . . . . Used . | . . . . . . . . . . . . Hacking Detections 8 | . . . . 4 . . . 1 2 1 . Full Trace Events 5 | . . . . 4 . . . . . 1 . Feedback Events 1 | . . . . 1 . . . . . . . Corruption 1 | . . . . 1 . . . . . . . Feedback Blocked . | . . . . . . . . . . . . Robot Schematics Acquired . | . . . . . . . . . . . . Robots Built . | . . . . . . . . . . . . Authchips . | . . . . . . . . . . . . Time . | . . . . . . . . . . . . Total Robot Build Rating . | . . . . . . . . . . . . Part Schematics Acquired . | . . . . . . . . . . . . Parts Built . | . . . . . . . . . . . . Authchips . | . . . . . . . . . . . . Time . | . . . . . . . . . . . . Total Part Build Rating . | . . . . . . . . . . . . Parts Repaired . | . . . . . . . . . . . . Time . | . . . . . . . . . . . . Parts Recycled . | . . . . . . . . . . . . Recycled Matter . | . . . . . . . . . . . . Retrieved Matter . | . . . . . . . . . . . . Retrieved Components . | . . . . . . . . . . . . Parts Scanalyzed . | . . . . . . . . . . . . Part Schematics Acquired . | . . . . . . . . . . . . Parts Damaged . | . . . . . . . . . . . . Bothacking | -11 -10 -9 -9 -8 -7 -6 -6 -5 -4 -4 -3 ------------ Run | Scr Mat Mat Min Mat Fac Fac DSF Fac Fac Arm Res Used RIF Installer . | . . . . . . . . . . . . Robots Hacked 1 | . . . . . . . . . . . 1 Non-combat 1 | . . . . . . . . . . . 1 Combat . | . . . . . . . . . . . . Robot Hacks Applied 1 | . . . . . . . . . . . 1 find_dsf 1 | . . . . . . . . . . . 1 Relay Couplers Released . | . . . . . . . . . . . . Fabnet Peak Effective % . | . . . . . . . . . . . . Robots Rewired . | . . . . . . . . . . . . Allies Hacked . | . . . . . . . . . . . . Hacks Repelled . | . . . . . . . . . . . . Allies | -11 -10 -9 -9 -8 -7 -6 -6 -5 -4 -4 -3 -------- Run | Scr Mat Mat Min Mat Fac Fac DSF Fac Fac Arm Res Total Allies . | . . . . . . . . . . . . Largest Group . | . . . . . . . . . . . . Highest-Rated Group . | . . . . . . . . . . . . Highest-Rated Ally . | . . . . . . . . . . . . Total Orders . | . . . . . . . . . . . . Ally Attacks . | . . . . . . . . . . . . Total Damage . | . . . . . . . . . . . . Kills . | . . . . . . . . . . . . Allies Corrupted . | . . . . . . . . . . . . Allies Melted . | . . . . . . . . . . . . Intel | -11 -10 -9 -9 -8 -7 -6 -6 -5 -4 -4 -3 ------- Run | Scr Mat Mat Min Mat Fac Fac DSF Fac Fac Arm Res Robot Analysis Total . | . . . . . . . . . . . . Derelict Logs Recovered . | . . . . . . . . . . . . Drone Launches . | . . . . . . . . . . . . Drone Recoveries . | . . . . . . . . . . . . Exploration | -11 -10 -9 -9 -8 -7 -6 -6 -5 -4 -4 -3 ------------- Run | Scr Mat Mat Min Mat Fac Fac DSF Fac Fac Arm Res Turns Passed 813 | 3 30 48 16 83 39 48 62 40 127 87 230 Spaces Moved 1750 | 1 59 82 31 162 75 93 61 90 381 260 455 Core 930 | 1 59 82 31 162 75 93 61 . . 12 354 Treads . | . . . . . . . . . . . . Legs . | . . . . . . . . . . . . Wheels . | . . . . . . . . . . . . Hover . | . . . . . . . . . . . . Flight 820 | . . . . . . . . 90 381 248 101 Fastest Speed 27 | 50 50 50 50 50 50 50 50 34 28 27 45 Average Speed 42 | 50 50 50 50 50 50 50 50 36 32 32 48 Slowest Speed 50 | 50 50 50 50 50 50 50 50 37 37 50 50 Overloaded Moves 12 | . . . . . . . . . . 12 . Propulsion Burnouts . | . . . . . . . . . . . . Robots Hopped 2 | . . . . . . . . . 1 . 1 Cave-ins Triggered . | . . . . . . . . . . . . Exploration Rate (%) 17 | 2 16 15 14 25 2 3 77 3 11 24 13 Regions Visited 11 Branch Regions 2 Pre-discovered Areas . | . . . . . . . . . . . . Known Exits Taken 4 | . . . . 1 . 1 . 1 . 1 . Unknown Exits Taken 6 | 1 1 1 1 . 1 . . . 1 . . Scrap Searched . | . . . . . . . . . . . . Spaces Dug . | . . . . . . . . . . . . Terrain Destroyed . | . . . . . . . . . . . . Melee . | . . . . . . . . . . . . Projectile . | . . . . . . . . . . . . AOE . | . . . . . . . . . . . . Terrain Rammed . | . . . . . . . . . . . . Walls Destroyed . | . . . . . . . . . . . . Machines Disabled . | . . . . . . . . . . . . Actions | -11 -10 -9 -9 -8 -7 -6 -6 -5 -4 -4 -3 --------- Run | Scr Mat Mat Min Mat Fac Fac DSF Fac Fac Arm Res Total 1801 | 5 58 86 30 163 75 93 91 96 383 260 461 Wait . | . . . . . . . . . . . . Move 1735 | . 58 81 30 161 74 92 60 89 378 259 453 Hop 2 | . . . . . . . . . 1 . 1 Pick Up 7 | . . 1 . . . . 4 . . . 2 Fast Attach 11 | . . 4 . . 1 . . 2 1 1 2 Attach 7 | . . . . . . . . 3 3 . 1 Detach 3 | . . . . . . . . 2 . . 1 Swap . | . . . . . . . . . . . . Drop 5 | 5 . . . . . . . . . . . Fire . | . . . . . . . . . . . . Melee 1 | . . . . . . . . . . . 1 Ram 3 | . . . . 2 . 1 . . . . . Kick . | . . . . . . . . . . . . Crush . | . . . . . . . . . . . . Escape Stasis 27 | . . . . . . . 27 . . . . Rewire . | . . . . . . . . . . . . Trap . | . . . . . . . . . . . . Miscellaneous . | . . . . . . . . . . . . Route ------- -11/Scrapyard -10/Materials -9/Materials -9/Mines -8/Materials (discovered 3 exits: *Fac x3) -7/Factory -6/Factory -6/DSF -5/Factory (discovered 4 exits: *Fac x4) -4/Factory -4/Armory (discovered 2 exits: *Res x2) -3/Research History --------- Turn | Location | Event 1 | -11/Scrapyard | Released all parts (6) 4 | -11/Scrapyard | Discovered new exit (range 0) 4 | -11/Scrapyard | Entered Materials 29 | -10/Materials | Discovered new exit (range 11) 34 | -10/Materials | Entered another Materials area 34 | -9/Materials | Evolved 2 slots: Propulsion x2 78 | -9/Materials | Discovered new exit (range 8) 82 | -9/Materials | Entered Mines 93 | -9/Mines | Discovered new exit (range 10) 98 | -9/Mines | Entered Materials 98 | -8/Materials | Evolved 2 slots: Utility x2 170 | -8/Materials | Identified exit to Factory 181 | -8/Materials | Entered Factory 181 | -7/Factory | Evolved 2 slots: Utility x2 212 | -7/Factory | Discovered new exit (range 15) 220 | -7/Factory | Entered another Factory area 220 | -6/Factory | Evolved 2 slots: Propulsion x2 267 | -6/Factory | Identified exit to DSF 268 | -6/Factory | Entered DSF 292 | -6/DSF | Additional patrols routed to DSF 316 | -6/DSF | Build established: Mutant 322 | -6/DSF | Discovered new exit (range 14) 330 | -6/DSF | Entered Factory 330 | -5/Factory | Evolved 2 slots: Utility x2 340 | -5/Factory | Identified exit to Factory 354 | -5/Factory | Lost 4 parts (3n1u) 370 | -5/Factory | Entered another Factory area 370 | -4/Factory | Evolved 2 slots: Utility x2 493 | -4/Factory | Discovered new exit (range 11) 497 | -4/Factory | Entered Armory 512 | -4/Armory | Identified exit to Research 569 | -4/Armory | Spotted B-86 Titan 575 | -4/Armory | Core integrity fell below 50% 584 | -4/Armory | Entered Research 584 | -3/Research | Evolved 2 slots: Utility x2 612 | -3/Research | Lost 8 parts (1p6n1u) 718 | -3/Research | Found Prototype Processor 718 | -3/Research | Identified Spectral Analyzer 797 | -3/Research | Spotted B-86 Titan 803 | -3/Research | Core integrity fell below 50% 814 | -3/Research | Self-destructed Last Messages --------------- 00789_ Critical hit (Blast). 00792_ C-35 Carver knocked back. 00792_ Knocked back. 00792_ K-01 Serf destroyed. 00793_ Impulse Thruster Array destroyed. 00793_ Critical hit (Blast). 00793_ Knocked back. 00797_ Slug penetrates Terminal. 00797_ Terminal disabled. 00798_ K-01 Serf collects debris. 00799_ Penetrated by Slug. 00800_ K-01 Serf collects debris. 00800_ Penetrated by Slug. 00802_ Slug penetrates Wall. 00802_ Slug penetrates Subatomic Condenser. 00807_ Knocked back. 00809_ Slug penetrates Wall. 00810_ Terminal disabled. 00810_ Acquired 26 matter. 00811_ Penetrated by Slug. Map ----- +----------------------------------------------------+ | ??# ?????????????????#??##########??# ##### | | ??? ?????????????????# ############# ##??? | | ??? ???????? ###### #??? | | ???? ??????? [ #??? | | ????# ??????? +??? | | ????# ????????????############## #??? | | ????# ?????????????############# ##??? | | ????# ?????????????# # #???? | | ???## #????????????# # #???? | | ???# ????????????# !! # #???? | | ???# ############# !! # #???? | | ???# ! # #######???? | | ???# ######### / #?????????? | | ???# #???????# # #?????????? | | ???### #???????############# #?????????? | | ?????# #?????????????#####? #????????? | | ?????# #?????????????# ? #????????# | | ?????# #?????????????# ? #???????? | | ?????# ] #?????????????# #?# #????#### | | ?????# #?????????????# #?######????# | | ?????# #??############ ############# | | ?????# #??# ##% ## ! ## | | ?????# #??# # = ## % / | | ?????+ #??# #hc # ! ## | | ?????####### #??# /h! # ## | | ???????????# #### @c # !!| ! ## | | ???????????# # " " # !|| ## | | ???????????# # ""R"" # ## !|| ## | | ???????????# # """"" # # ## | | ???????????# ########### ### H###### | | ???????????# #?????????# ###] #???# | | ???????????# #????????### ## #???## | | ???????????# #?######## ###### | | ???????????# #?# # % + | | ???????????# #?# # ##% | | ???????????# #?# % ! # # | | ???????????# #?# # ## | | ???????????# #?# ## # ## | | ???????????# #?# #?#### ### ## """ | | ???????????# ### #????# #?####### """ | | ???????????# #????# #???????# """ | | ???????????# #????# #???????# | | ???????????# #????# ????????# | | ???????????# #????# ????????# | | ???????????####+########????# ????????+ """ | | ?????????????? ???????????? ????????# ""? | | ?????????????? ???????????? ????????# "???? | | ????????????? ??????????? ????????# ???? | | ????????????? ??????????? ????????# ???? | | ???????????? ???????????????????? ????? | +----------------------------------------------------+ Best States ------------- Heat Dissipation 46 Energy Generation 15 Energy Capacity 150 Matter Stores 300 Matter Capacity 300 Sight Range 24 Terrain Scan Density 10 Evasion (%) 64 Targeting Accuracy 5 Defensive Hacking 10 Item Schematics ----------------- None Robot Schematics ------------------ None Fabricated ------------ Nothing Alien Tech Used ----------------- None Achievements -------------- None Challenges ------------ None Game ------ Seed RecoilBiometalReactor Manual? 0 Play Time 00:16:23 Cumulative 259.3 hours Start 2022.05.14 @ 19:41:20 End 2022.05.14 @ 19:55:14 Sessions 1 Manual Loads 0 Difficulty Rogue Special Mode None Game No. 422 Rogue 419 Adventurer 0 Explorer 3 Win Type - Total 9 Types 9/0/0/0/0/0/0/0/0 Lore% 71 Gallery% 75 Achievement% 63 Wizard Run 0 Options --------- ASCII 1 Keyboard 1 Movement Vi Keybinds 0 Fullscreen 1 Font 18/SmallcapsGlow Map View 76x50 Tactical HUD 1 Map Filters NONE Filters NONE Steam 1 RUN: 0ad04fd6-461f-45a1-afc4-88e9366d5c7d